 Dungeon Crawl Stone Soup version 0.30-a0-883-g5ad918d77d (webtiles) character file.

Game seed: 16981907317552110973

61 ooooo the Sneak (level 3, -1/16 HPs)
             Began as a Spriggan Enchanter on Mar 17, 2023.
             Shot with a sling bullet by a goblin (6 damage)
             ... on level 2 of the Dungeon.
             The game lasted 00:03:00 (1904 turns).

ooooo the Sneak (Spriggan Enchanter)                Turns: 1904, Time: 00:03:03

Health: -1/16      AC:  2    Str:  4    XL:     3   Next: 83%
Magic:  4/8        EV: 17    Int: 18    God:
Gold:   83         SH:  0    Dex: 15    Spells: 0/8 levels left

rFire   . . .      SeeInvis +    a - +1 dagger
rCold   . . .      Faith    .    (no shield)
rNeg    . . .      Spirit   .    b - +0 robe
rPois   .          Reflect  .    (helmet restricted)
rElec   .          Rampage  .    (no cloak)
rCorr   .                        (gloves unavailable)
Will    .....                    (boots unavailable)
Stlth   +++                      (no amulet)
HPRegen 0.22/turn                (no ring)
MPRegen 0.11/turn                (no ring)

@: very slightly contaminated, very quick
A: very small, no large weapons, unfitting armour, see invisible, speed 3
a: no special abilities


You were on level 2 of the Dungeon.
You visited 1 branch of the dungeon, and saw 2 of its levels.

You collected 83 gold pieces.

Inventory:

Hand Weapons
 a - a +1 dagger (weapon)
Armour
 b - a +0 robe (worn)
 l - a +0 buckler
Scrolls
 d - a scroll of acquirement {unknown}
 f - a scroll of fear {unknown}
 h - a scroll of magic mapping {unknown}
 j - a scroll of identify {unknown}
 n - a scroll of amnesia {unknown}
Potions
 c - 3 potions of invisibility
 e - a potion of curing {unknown}
 g - a potion of haste {unknown}
 i - a potion of ambrosia {unknown}
 k - a potion of heal wounds {unknown}
 m - a potion of lignification {unknown}
 o - a potion of flight {unknown}


   Skills:
 + Level 2.0 Short Blades
 + Level 3.3 Dodging
 + Level 5.1 Stealth
 + Level 3.2 Spellcasting
 * Level 4.3 Hexes


You couldn't memorise any spells.
You knew the following spells:

 Your Spells              Type           Power      Damage    Failure   Level
a - Ensorcelled Hibernat  Hex/Ice        20%        N/A       10%         2
b - Confusing Touch       Hex            18%        N/A       9%          3
c - Tukima's Dance        Hex            18%        N/A       9%          3

Your spell library contained the following spells:

 Spells                   Type           Power      Damage    Failure   Level
 Dazzling Flash           Conj/Hex       20%        N/A       21%         3


Dungeon Overview and Level Annotations

Branches:
Dungeon (2/15) Zot: 10566

Altars:


Innate Abilities, Weirdness & Mutations

You are very small and have problems with some larger weapons.
You are too small for most types of armour.
You have supernaturally acute eyesight. (SInv)
You cover ground extremely quickly. (Speed+++)


Message History

You open the door.
There is an open door here.
Found a rapier.
An adder comes into view.
The helpless adder fails to defend itself.
You impale the adder!!
You kill the adder!
You see here an adder corpse.
o - a yellow potion
There is an open door here.
There is an open door here.
You open the door.
Found a barding.
There is an open door here.
A goblin comes into view. It is wielding a +0 club.
Found an escape hatch in the floor.
The goblin shouts!
You hit the goblin.
You kill the goblin!
No target in view!
The goblin shouts!
The goblin shoots a sling bullet.
The sling bullet hits you.
The goblin shoots a sling bullet.
The sling bullet hits you.
You are too injured to fight recklessly!
Casting: Ensorcelled Hibernation (safe; 10% risk of failure)
Confirm with . or Enter, or press ? or * to list all spells.
Aiming: Ensorcelled Hibernation (safe; 10% risk of failure)
Press: ? - help, Shift-Dir - straight line, f - goblin
Aim: a goblin, wielding a +0 sling, wearing a +0 leather armour and quivering stones (chance to affect: 62%)
You miscast Ensorcelled Hibernation.
You are very lightly contaminated with residual magic.
Nothing appears to happen.
Casting: Ensorcelled Hibernation (safe; 10% risk of failure)
Confirm with . or Enter, or press ? or * to list all spells.
Aiming: Ensorcelled Hibernation (safe; 10% risk of failure)
Press: ? - help, Shift-Dir - straight line, f/p - goblin
Aim: a goblin, wielding a +0 sling, wearing a +0 leather armour and quivering stones (chance to affect: 62%)
You miscast Ensorcelled Hibernation.
Nothing appears to happen.
The goblin shoots a sling bullet.
The sling bullet hits you.
You die...

........###.######
#.............#
#.............#
###.............#######
....###'###......+......
###. ##.###......######.
'.... .g....)...........
#....##.###.#########.#.
#......@....... #.#<
#...##......### #.#. #
#..##### #.#. #..####
#.#. #.....# #.#.
.##+###.####+### #.#.
........[......# #.#.
...>...........# #†#.
...............# #.#.


You could see a goblin.

Vanquished Creatures
  2 adders (D:2)
  A dart slug (D:1)
  2 ball pythons
  6 endoplasms
  2 giant cockroaches
  3 goblins
  3 hobgoblins (D:1)
  8 jackals
  A quokka (D:1)
  A bat (D:2)
  2 frilled lizards (D:1)
  A kobold (D:1)
  3 rats
35 creatures vanquished.

Notes
Turn   | Place    | Note
-------+----------+-------------------------------------------
     0 | D:1      | ooooo the Spriggan Enchanter began the quest for the Orb.
     0 | D:1      | Reached XP level 1. HP: 9/9 MP: 5/5
   209 | D:1      | Reached XP level 2. HP: 12/13 MP: 6/6
   212 | D:1      | Learned a level 2 spell: Ensorcelled Hibernation
   866 | D:1      | Reached XP level 3. HP: 16/16 MP: 3/8
  1127 | D:1      | Learned a level 3 spell: Confusing Touch
  1131 | D:1      | Learned a level 3 spell: Tukima's Dance
  1577 | D:2      | Reached skill level 5 in Stealth
  1904 | D:2      | Shot with a sling bullet by a goblin

Illustrated notes

Levels and vault maps discovered:
D:1:      lemuel_arrival_cross, layout_loops_corners,
          amcnicky_mini_corridor_feature, minmay_misc_feat_secret_circle
D:2:      layout_basic

Skill      XL: |  1  2  3 |
---------------+----------+-----
Dodging        | 3 |  3.3
Spellcasting   | 3 |  3.2
Hexes          | 4 |  4.3
Short Blades   | 2 |  2.0
Stealth        | 5 |  5.1

Action                     || total
---------------------------++-------
  Melee: Dagger            ||    68
         Punch             ||     2
   Cast: Ensorcelled Hiber ||    22
   Stab: Sleeping          ||    28
 Armour: Robe              ||     2
  Dodge: Dodged            ||    36

Table legend: (Time is in decaauts)
 A = Elapsed time spent in this place.
 B = Non-inter-level travel time spent in this place.
 C = Inter-level travel time spent in this place.
 D = Time resting spent in this place.
 E = Time spent auto-exploring this place.
 F = Levels seen in this place.
 G = Mean time per level.
                   A        B        C        D        E       F      G
               +--------+--------+--------+--------+--------+-----+--------+
         Total |   1432 |   1392 |     40 |    294 |    858 |   2 |  716.0 |
       Dungeon |   1432 |   1392 |     40 |    294 |    858 |   2 |  716.0 |
               +--------+--------+--------+--------+--------+-----+--------+

Top non-repeatable levels by time:
     D:1: 985 daAuts
     D:2: 447 daAuts
